 Dungeon Crawl Stone Soup version 0.31.0-32-g396128a36d (webtiles) character file.

Game seed: 4455464492557298609

109 ChrisAssaf the Ruffian (level 4, -1/32 HPs)
             Began as a Human Shapeshifter on Mar 27, 2024.
             Was a Follower of Ru.
             Incinerated by a bombardier beetle (6 damage)
             ... with a burning spray
             ... on level 4 of the Dungeon.
             The game lasted 00:09:05 (2376 turns).

ChrisAssaf the Ruffian (Human Shapeshifter)         Turns: 2376, Time: 00:09:05

Health: -1/32      AC:  3    Str: 15    XL:     4   Next: 90%
Magic:  4/4        EV: 12    Int: 12    God:    Ru [*.....]
Gold:   122        SH:  0    Dex: 12    Spells: 4/4 levels left

rFire   . . .        o - +0 quarterstaff
rCold   + . .        (shield currently unavailable)
rNeg    . . .        a - +1 animal skin
rPois   .            (helmet currently unavailable)
rElec   .            (cloak currently unavailable)
rCorr   .            (gloves currently unavailable)
SInv    .            (boots currently unavailable)
Will    +....        (no amulet)
Stlth   +            k - ring of protection from cold
HPRegen 0.25/turn    m - ring of willpower
MPRegen 0.09/turn

%: no passive effects
@: on fire, beast-form, glowing
A: beast (slay +1), unskilled 1, explore regen, evolution 1
a: Begin Untransformation, Renounce Religion


You were on level 4 of the Dungeon.
You worshipped Ru.
Ru was aware of your devotion.
You were a hulking beast.
You visited 1 branch of the dungeon, and saw 4 of its levels.

You collected 122 gold pieces.

Inventory:

Hand Weapons
 o - a +0 quarterstaff (weapon)
Missiles
 q - 3 javelins (quivered)
Armour
 a - a +1 animal skin (worn)
Jewellery
 k - a ring of protection from cold (left hand)
 m - a ring of willpower (right hand)
 r - a ring of poison resistance
Talismans
 c - a beast talisman (active)
 d - a flux talisman
 i - a blade talisman
Scrolls
 f - 2 scrolls of vulnerability
 n - a scroll of poison
Potions
 b - 3 potions of lignification
 e - a potion of magic
 h - a potion of enlightenment {unknown}
 j - a potion of berserk rage {unknown}


   Skills:
 * Level 1.4 Fighting
 * Level 0.5 Staves
 * Level 1.1 Throwing
 * Level 0.8 Armour
 * Level 2.0 Dodging
 * Level 0.6 Stealth
 * Level 3.4 Unarmed Combat
 * Level 0.6 Spellcasting
 * Level 3.0 Shapeshifting


You had 4 spell levels left.
You didn't know any spells.
Your spell library was empty.

Dungeon Overview and Level Annotations

Branches:
Dungeon (4/15)
 Temple: D:4-7

Altars:
Ru


Innate Abilities, Weirdness & Mutations

You are a hulking beast.
Your limbs bulge with bestial killing power. (Slay +1)
You are somewhat unskilled. (-1 Apt)
You regain HP and MP as you explore.
You have hidden genetic potential.


Message History

Aim: a bombardier beetle (68% to hit)
You throw a javelin.
The javelin barely misses the bombardier beetle.
Unknown command.
You hit the bombardier beetle.
The bombardier beetle is moderately wounded.
The bombardier beetle sprays incendiary fluid at you.
The burning spray hits you.
You are covered in liquid fire!
You barely miss the bombardier beetle.
The bombardier beetle is moderately wounded.
The liquid fire burns you!
The bombardier beetle closely misses you.
You hit the bombardier beetle.
The bombardier beetle is moderately wounded.
The liquid fire burns you!
The bombardier beetle bites you but does no damage.
You hit the bombardier beetle but do no damage.
The bombardier beetle is moderately wounded.
The liquid fire burns you!
You completely miss the bombardier beetle.
The bombardier beetle is moderately wounded.
The liquid fire burns you!
The bombardier beetle bites you but does no damage.
You feel better. The liquid fire burns you!
The bombardier beetle barely misses you.
You hit the bombardier beetle.
The bombardier beetle is heavily wounded.
The liquid fire burns you!
* * * LOW HITPOINT WARNING * * *
The bombardier beetle sprays incendiary fluid at you.
The burning spray hits you.
You are even more covered in liquid fire!
You shake off some of the fire as you move.
The liquid fire burns you!
* * * LOW HITPOINT WARNING * * *
You shake off some of the fire as you move.
The liquid fire burns you!
You die...

#.# #######.# .....##.#
####.##.# #.##.# ### ##
## #.##.###.. .# .#
#.#...##.# .# .#
#..†...#.# ###.#####
.###.#...##.###.h.....#
...............#.###.#
...##.###P##PB..#.#
##.##.#......#..#..
#.##.#P..P..#..<... ##
#.#P.....#.#####. .#
#.#..?...#.# #.# .#
#P.P...#.# #.# .#..
#(.....#.# #.#


You could see a bombardier beetle.

Vanquished Creatures
  3 adders
  A dart slug (D:2)
  3 ribbon worms (D:2)
  5 orcs (D:3)
  9 bats
  5 endoplasms
  2 giant cockroaches
  3 goblins (D:1)
  2 hobgoblins
  8 jackals
  2 quokkas
  6 ball pythons
  4 frilled lizards
  8 kobolds
  6 rats
67 creatures vanquished.

Notes
Turn   | Place    | Note
-------+----------+-------------------------------------------
     0 | D:1      | ChrisAssaf the Human Shapeshifter began the quest for the
                  | Orb.
     0 | D:1      | Reached XP level 1. HP: 15/15 MP: 1/1
   246 | D:1      | Reached XP level 2. HP: 13/21 MP: 2/2
   473 | D:1      | Reached XP level 3. HP: 26/26 MP: 3/3
   804 | D:2      | Found a sacrificial altar of Ru.
   842 | D:2      | Became a worshipper of Ru the Awakened
  1068 | D:2      | Reached XP level 4. HP: 30/32 MP: 4/4
  1218 | D:2      | Reached skill level 1 in Throwing
  1824 | D:3      | Gained mutation: You are partially covered in iridescent
                  | scales. (AC +2) [potion of mutation]
  1824 | D:3      | Gained mutation: You occasionally lose the ability to read
                  | scrolls when taking damage. [potion of mutation]
  1824 | D:3      | Gained mutation: Your spells are a little harder to cast,
                  | but a little more powerful. [potion of mutation]
  1824 | D:3      | Gained mutation: You are agile. (Dex +4, Str/Int -1)
                  | [potion of mutation]
  1825 | D:3      | Lost mutation: You are partially covered in iridescent
                  | scales. (AC +2) [potion of mutation]
  1825 | D:3      | Lost mutation: You are agile. (Dex +4, Str/Int -1) [potion
                  | of mutation]
  1825 | D:3      | Lost mutation: Your spells are a little harder to cast, but
                  | a little more powerful. [potion of mutation]
  1825 | D:3      | Gained mutation: You have hidden genetic potential. [potion
                  | of mutation]
  1825 | D:3      | Gained mutation: You possess an exceptional clarity of
                  | mind. [potion of mutation]
  1826 | D:3      | Lost mutation: You occasionally lose the ability to read
                  | scrolls when taking damage. [potion of mutation]
  1826 | D:3      | Lost mutation: You possess an exceptional clarity of mind.
                  | [potion of mutation]
  1859 | D:3      | Found a sacrificial altar of Ru.
  1889 | D:3      | Gained mutation: You are somewhat unskilled. (-1 Apt) [Ru
                  | sacrifice]
  1889 | D:3      | Reached * piety under Ru
  2376 | D:4      | Incinerated by a bombardier beetle

Illustrated notes

Levels and vault maps discovered:
D:1:      eino_arrival_water_star, layout_basic
D:2:      layout_basic, serial_forest, infiniplex_forest_lined_3_way,
          infiniplex_forest_lined_2, infiniplex_forest_lined_3_way,
          infiniplex_forest_end_1, infiniplex_forest_fountain,
          infiniplex_forest_clump_medium, infiniplex_forest_3_way,
          infiniplex_forest_lined_3, infiniplex_forest_clump_small,
          infiniplex_forest_clump_C, basic_altar, minmay_pentomino_u4
D:3:      layout_loops_ring, nicolae_ru_sacrificial_ziggurat
D:4:      cheibrodos_old_hovel, layout_loops_corners

Skill      XL: |  1  2  3  4 |
---------------+-------------+-----
Throwing       | 1 |  1.1
Fighting       | |  1.4
Staves         | |  0.5
Armour         | |  0.8
Dodging        | |  2.0
Stealth        | |  0.6
Unarmed Combat | |  3.4
Spellcasting   | |  0.6
Shapeshifting  | |  3.0

Action                     |  1- 3 |  4- 6 || total
---------------------------+-------+-------++-------
  Melee: Unarmed           |    83 |       ||    83
         Quarterstaff      |       |    39 ||    39
  Throw: Javelin           |    29 |    20 ||    49
 Invoke: Sacrifice Skill   |       |     1 ||     1
    Use: Scroll            |     4 |     4 ||     8
         Potion            |       |     4 ||     4
   Stab: Sleeping          |       |     1 ||     1
 Armour: Animal skin       |    48 |    26 ||    74
  Dodge: Dodged            |    60 |    29 ||    89
   Form: Beast             |     1 |       ||     1
         Flux              |     1 |       ||     1
